 Dungeon Crawl Stone Soup version 0.30-a0-137-gd8773701ce (webtiles) character file.

Game seed: 3265493150145546648

19611 Cancer the Geomancer (level 12, 0/62 HPs)
             Began as a Gargoyle Earth Elementalist on Sept 21, 2022.
             Killed from afar by a deep elf zephyrmancer (9 damage)
             ... with a bolt of lightning
             ... on level 1 of the Elven Halls.
             The game lasted 00:54:28 (19223 turns).

Cancer the Geomancer (Gargoyle Earth Elementalist) Turns: 19223, Time: 00:54:28

Health: 0/62       AC: 20    Str: 13    XL:     12   Next: 70%
Magic:  3/26       EV: 10    Int: 20    God:
Gold:   883        SH:  7    Dex: 10    Spells: 21/32 levels left

rFire   x . .      SeeInvis .    S - +5 spear (venom)
rCold   + + .      Faith    .    R - +0 kite shield
rNeg    + . .      Spirit   .    U - +2 robe {rC+}
rPois   ∞          Reflect  .    O - +2 helmet
rElec   +          Harm     .    (no cloak)
rCorr   .          Rampage  .    K - +2 pair of gloves {hurl}
Will    .....                    o - +0 pair of boots
Stlth   ++........               (no amulet)
HPRegen 0.20/turn                l - +4 ring of slaying
MPRegen 0.20/turn                T - ring of ice

@: marked, on blink cooldown, studying Necromancy
A: sickness immunity, AC +8, negative energy resistance 1, electricity
resistance, torment resistance 1, petrification resistance
a: no special abilities


You were on level 1 of the Elven Halls.
You visited 4 branches of the dungeon, and saw 15 of its levels.
You also visited: Sewer and Ice Cave.

You collected 883 gold pieces.

Inventory:

Hand Weapons
 M - a +3 war axe
 S - a +5 spear of venom (weapon)
 X - a +1 war axe of freezing
Armour
 c - +0 acid dragon scales
 o - a +0 pair of boots (worn)
 v - a scarf of harm
 K - a +2 pair of gloves of hurling (worn)
 N - +0 steam dragon scales
 O - a +2 helmet (worn)
 R - a +0 kite shield (worn)
 U - a +2 robe of cold resistance (worn)
 V - a +1 robe of resistance
 W - a +3 chain mail of cold resistance
Magical Staves
 g - a staff of fire
Jewellery
 l - a +4 ring of slaying (left hand)
 y - a ring of positive energy
 T - a ring of ice (right hand)
Wands
 r - a wand of mindburst (6)
 D - a wand of polymorph (11)
 F - a wand of roots (26)
 H - a wand of digging (7)
 Q - a wand of flame (8)
Scrolls
 a - 2 scrolls of magic mapping {unknown}
 e - 4 scrolls of amnesia {unknown}
 h - 2 scrolls of acquirement {unknown}
 i - 4 scrolls of enchant weapon {unknown}
 j - 5 scrolls of immolation {unknown}
 k - a scroll of torment {unknown}
 n - 6 scrolls of teleportation
 p - 2 scrolls of summoning {unknown}
 u - 4 scrolls of fear {unknown}
 w - 2 scrolls of enchant armour {unknown}
 z - 16 scrolls of identify {unknown}
 B - 3 scrolls of blinking {unknown}
 E - 3 scrolls of butterflies {unknown}
 J - a scroll of vulnerability {unknown}
 P - 4 scrolls of poison {unknown}
Potions
 b - 2 potions of magic
 d - a potion of invisibility {unknown}
 f - 3 potions of haste {unknown}
 m - 6 potions of heal wounds {unknown}
 q - 3 potions of might {unknown}
 s - 2 potions of lignification {unknown}
 t - 3 potions of flight {unknown}
 x - a potion of berserk rage
 A - 3 potions of curing
 C - a potion of degeneration {unknown}
 G - 3 potions of cancellation {unknown}
 I - a potion of attraction {unknown}
 L - 2 potions of brilliance {unknown}
Miscellaneous
 Y - a phial of floods


   Skills:
 - Level 2.0 Fighting
 - Level 2.0 Armour
 - Level 2.0 Dodging
 - Level 4.0 Stealth
 - Level 2.0 Shields
 + Level 10.9 Spellcasting
 + Level 12.5 Conjurations
 - Level 2.0 Translocations
 - Level 1.0 Transmutations
 + Level 14.1 Earth Magic


You had 21 spell levels left.
You knew the following spells:

 Your Spells              Type           Power      Damage    Failure   Level
a - Sandblast             Erth           100%       2d20      1%          1
b - Stone Arrow           Conj/Erth      100%       3d13      1%          3
c - Lee's Rapid Deconstr  Erth           30%        3d17*     1%          5
d - Blink                 Tloc           36%        N/A       14%         2

Your spell library contained the following spells:

 Spells                   Type           Power      Damage    Failure   Level
 Magic Dart               Conj           100%       1d8       1%          1
 Passwall                 Tmut/Erth      34%        N/A       1%          2
 Static Discharge         Conj/Air       72%        2-5/arc   2%          2
 Petrify                  Tmut/Erth      41%        N/A       10%         4
 Mephitic Cloud           Conj/Pois/Air  27%        N/A       11%         3
 Iskenderun's Mystic Bla  Conj/Tloc      40%        2d9       11%         4
 Fulminant Prism          Conj/Hex       18%        3d11      16%         4
 Sticky Flame             Conj/Fire      36%        2d6       16%         4
 Call Imp                 Summ           10%        N/A       32%         2
 Arcjolt                  Conj/Air       18%        1d28      41%         5
 Lightning Bolt           Conj/Air       18%        1d32      41%         5
 Kindle Blastsparks       Fire/Tloc/Air  26%        2d12      43%         3
 Ozocubu's Armour         Ice            16%        N/A       54%         3
 Manifold Assault         Tloc           18%        N/A       67%         4
 Airstrike                Air            5%         2d(1-17)  91%         4
 Dispel Undead            Necr           10%        3d9       91%         4
 Summon Lightning Spire   Summ/Air       10%        N/A       91%         4
 Metabolic Englaciation   Hex/Ice        8%         N/A       99%         5
 Simulacrum               Ice/Necr       8%         N/A       100%        6
 Storm Form               Tmut/Air       6%         N/A       100%        7
 Maxwell's Capacitive Co  Air            5%         ∞         100%        8


Dungeon Overview and Level Annotations

Branches:
Dungeon (11/15)            Temple (1/1) D:6            Lair (0/5) D:11
    Orc (2/2) D:9             Elf (1/3) Orc:2         Sewer (visited)
  IceCv (visited)

Altars:
Ashenzari
Cheibriados
Dithmenos
Elyvilon
Fedhas
Gozag
Hepliaklqana
Kikubaaqudgha
Makhleb
Nemelex Xobeh
Okawaru
Qazlal
Ru
Sif Muna
Trog
Uskayaw
Vehumet
Wu Jian
Xom
Yredelemnul
Zin
The Shining One

Shops:
D:2 [   D:4 [   D:6 :   D:9 [

Annotations:
D:1 tel
D:10 water
D:11 boulder
Orc:2 Jorgrun


Innate Abilities, Weirdness & Mutations

You are immune to sickness and miasma.
Your stone body is resilient. (AC +8)
You are immune to poison.
You resist negative energy. (rN+)
You are resistant to electric shocks. (rElec)
You are resistant to unholy torment.
You are immune to petrification.


Message History

Aiming: Stone Arrow (safe; 1% risk of failure)
Press: ? - help, Shift-Dir - straight line, f/p - deep elf pyromancer
Aim: a deep elf pyromancer, wielding a +0 long sword (69% to hit)
The stone arrow hits the deep elf pyromancer!!
The deep elf pyromancer is severely wounded.
Something hits you but does no damage.
A +1 battleaxe of freezing comes into view.
The deep elf pyromancer casts a spell.
The deep elf pyromancer blinks!
Casting: Stone Arrow (safe; 1% risk of failure)
Confirm with . or Enter, or press ? or * to list all spells.
Aiming: Stone Arrow (safe; 1% risk of failure)
Press: ? - help, Shift-Dir - straight line, f/p - deep elf pyromancer
Aim: a deep elf pyromancer, wielding a +0 long sword (severely wounded, 69% to hit)
The stone arrow misses the deep elf pyromancer.
The stone arrow hits the deep elf pyromancer!!
The deep elf pyromancer is heavily wounded.
Something hits you but does no damage.
The deep elf pyromancer gestures wildly while chanting.
Casting: Stone Arrow (safe; 1% risk of failure)
Confirm with . or Enter, or press ? or * to list all spells.
Okay, then.
Casting: Stone Arrow (safe; 1% risk of failure)
Confirm with . or Enter, or press ? or * to list all spells.
You blink.
A deep elf zephyrmancer and a deep elf pyromancer come into view.
The deep elf pyromancer is wielding a +2 short sword of holy wrath.
The deep elf zephyrmancer casts a spell.
The deep elf zephyrmancer blinks!
You miss the +1 battleaxe of freezing. The +1 battleaxe of freezing hits you!!
* * * LOW HITPOINT WARNING * * *
The +1 battleaxe of freezing freezes you.
* * * LOW HITPOINT WARNING * * *
The fire elemental completely misses you.
The deep elf zephyrmancer is engulfed in blazing flames.
The deep elf zephyrmancer gestures at you while chanting.
The bolt of lightning hits the fire elemental.
The fire elemental resists.
The bolt of lightning misses you. The bolt of lightning hits you! You resist.
You die...

#######
#....§#
#...<)#
###.ee..###
+.#...○.#e+
###@EE☼.###
+e#(...e#§+
###.....###
#.....#e+
##.....###
#.....#
#.....#
..###..


You could see 4 deep elf pyromancers, 2 deep elf zephyrmancers, 2 fire
elementals and a +1 battleaxe of freezing.

Vanquished Creatures
  Fannar (Orc:1)
  3 two-headed ogres
  A necromancer (IceCv)
  An ugly thing (IceCv)
  A cyclops (Orc:1)
  An ice statue (IceCv)
  A gargoyle (D:10)
  An anaconda simulacrum (IceCv)
  10 ice devils (IceCv)
  3 freezing wraiths (IceCv)
  4 trolls
  Grinder (D:5)
  A wraith (D:10)
  5 dire elephant simulacra (IceCv)
  12 yaks
  A vampire (D:10)
  A wyvern (D:9)
  4 vampire mosquitoes
  2 steam dragons
  2 harpy simulacra (IceCv)
  6 death yak simulacra (IceCv)
  2 acid dragons
  A hydra simulacrum (IceCv)
  A water moccasin (Sewer)
  6 orc warriors
  2 sky beasts
  6 ice beasts
  4 ogres
  5 centaurs
  A phantom (D:5)
  4 kobold brigands
  6 bullfrogs
  A necrophage (D:5)
  3 scorpions
  8 gnoll sergeants (D:9)
  A two-headed ogre simulacrum (IceCv)
  2 cane toad simulacra (IceCv)
  15 killer bees
  4 elephant simulacra (IceCv)
  2 electric eels (D:10)
  9 howler monkeys
  2 jellies (D:4)
  6 orc priests
  5 hounds
  4 iguanas
  4 orc wizards
  A spriggan simulacrum (IceCv)
  A troll simulacrum (IceCv)
  5 polar bear simulacra (IceCv)
  3 wolf simulacra (IceCv)
  9 adders
  10 gnolls
  A river rat (D:4)
  A naga simulacrum (IceCv)
  4 white imps
  3 ufetubi
  6 worms
  4 dart slugs
  31 orcs
  8 ball pythons
  7 bats
  8 endoplasms
  6 giant cockroaches
  8 goblins
  11 hobgoblins
  7 jackals
  15 kobolds
  7 quokkas
  7 frilled lizards
  12 rats
341 creatures vanquished.

Notes
Turn   | Place    | Note
-------+----------+-------------------------------------------
     0 | D:1      | Cancer the Gargoyle Earth Elementalist began the quest for
                  | the Orb.
     0 | D:1      | Reached XP level 1. HP: 10/10 MP: 3/3
   299 | D:1      | Reached XP level 2. HP: 15/15 MP: 0/5
   388 | D:1      | Reached skill level 1 in Conjurations
   608 | D:1      | Reached skill level 4 in Earth Magic
   920 | D:1      | Reached XP level 3. HP: 19/19 MP: 4/6
  1673 | D:2      | Found Kidwywn's Armour Emporium.
  1807 | D:2      | Reached XP level 4. HP: 24/24 MP: 5/8
  3060 | D:3      | Reached XP level 5. HP: 21/28 MP: 5/9
  3333 | D:3      | Found a sacrificial altar of Ru.
  4067 | D:4      | Reached skill level 5 in Earth Magic
  4092 | D:4      | Learned a level 3 spell: Stone Arrow
  4103 | D:4      | Found a glowing drain.
  4108 | Sewer    | Entered a sewer
  4188 | Sewer    | Noticed a water moccasin
  4197 | Sewer    | Killed a water moccasin
  4198 | Sewer    | Reached XP level 6. HP: 26/32 MP: 1/11
  4599 | D:4      | Found Ixyleu's Armour Shoppe.
  4637 | D:4      | You fall into a shaft and drop 1 floor!
  4637 | D:5      | Entered Level 5 of the Dungeon
  4659 | D:5      | Noticed Grinder
  4666 | D:5      | Killed Grinder
  4667 | D:5      | Reached skill level 6 in Earth Magic
  4667 | D:5      | Reached XP level 7. HP: 36/36 MP: 0/13
  5124 | D:5      | Reached skill level 5 in Conjurations
  5486 | D:5      | Reached skill level 7 in Earth Magic
  5522 | D:5      | Reached skill level 5 in Spellcasting
  5522 | D:5      | Reached XP level 8. HP: 35/41 MP: 8/15
  6637 | D:6      | Found a glowing golden altar of the Shining One.
  6637 | D:6      | Found a sparkling altar of Nemelex Xobeh.
  6637 | D:6      | Found a stormy altar of Qazlal.
  6676 | D:6      | Found Ywnilaem's Book Shoppe.
  6776 | D:6      | Found an ancient bone altar of Kikubaaqudgha.
  6779 | D:6      | Found a hazy altar of Hepliaklqana.
  6779 | D:6      | Found a shimmering blue altar of Sif Muna.
  6783 | D:6      | Found a basalt altar of Yredelemnul.
  6825 | D:6      | Reached skill level 8 in Earth Magic
  6936 | D:6      | Found a staircase to the Ecumenical Temple.
  7244 | D:6      | Found an ornate altar of the Wu Jian Council.
  7570 | Temple   | Entered the Ecumenical Temple
  7928 | D:7      | Reached XP level 9. HP: 45/45 MP: 11/18
  8299 | D:7      | Reached skill level 9 in Earth Magic
  9875 | D:9      | Reached skill level 10 in Earth Magic
 10073 | D:9      | Noticed a two-headed ogre
 10169 | D:9      | Reached XP level 10. HP: 50/50 MP: 18/21
 10242 | D:9      | Found Sefu's Antique Armour Shoppe.
 10664 | D:9      | Killed a two-headed ogre
 10908 | D:9      | Reached skill level 11 in Earth Magic
 11013 | D:9      | Found a staircase to the Orcish Mines.
 11667 | D:10     | Entered Level 10 of the Dungeon
 11673 | D:9      | Reached skill level 10 in Conjurations
 11811 | D:10     | Noticed a two-headed ogre
 11982 | D:10     | Noticed a two-headed ogre
 11987 | D:10     | Killed a two-headed ogre
 11988 | D:10     | Reached skill level 12 in Earth Magic
 11988 | D:10     | Reached XP level 11. HP: 54/54 MP: 13/24
 12368 | D:10     | Found a radiant altar of Vehumet.
 12381 | D:10     | Killed a two-headed ogre
 13466 | D:10     | HP: 2/54 [vampire mosquito (5)]
 13960 | D:11     | Reached skill level 10 in Spellcasting
 13960 | D:11     | Reached skill level 13 in Earth Magic
 14154 | D:11     | Noticed a boulder beetle
 14815 | D:11     | Found a staircase to the Lair.
 14913 | Orc:1    | Entered Level 1 of the Orcish Mines
 14988 | Orc:1    | Noticed Fannar
 14996 | Orc:1    | Learned a level 5 spell: Lee's Rapid Deconstruction
 15046 | D:9      | Learned a level 2 spell: Blink
 15139 | Orc:1    | Killed Fannar
 15202 | Orc:2    | Entered Level 2 of the Orcish Mines
 15284 | Orc:2    | Noticed Jorgrun
 15309 | D:9      | Upgraded the game from 0.30-a0-135-g630cfc4551 to
                  | 0.30-a0-137-gd8773701ce
 15559 | Orc:1    | Found a frozen archway.
 15568 | IceCv    | Entered an ice cave
 15776 | IceCv    | Reached skill level 1 in Transmutations
 16037 | IceCv    | Reached XP level 12. HP: 60/60 MP: 19/26
 16135 | IceCv    | Reached skill level 1 in Shields
 16140 | IceCv    | Reached skill level 1 in Fighting
 16140 | IceCv    | Reached skill level 1 in Armour
 16491 | IceCv    | Reached skill level 1 in Translocations
 17950 | IceCv    | Found an ancient bone altar of Kikubaaqudgha.
 18595 | IceCv    | Reached skill level 14 in Earth Magic
 19210 | Orc:2    | Found a staircase to the Elven Halls.
 19215 | Elf:1    | Entered Level 1 of the Elven Halls
 19223 | Elf:1    | Killed from afar by a deep elf zephyrmancer

Illustrated notes

Levels and vault maps discovered:
D:1:      psy_arrival_radial02, layout_loops_corners
D:2:      layout_basic, serial_shops, nicolae_diamond_shop, feat_on_display
D:3:      minmay_recursive_quarters, layout_basic, lemuel_round_altar,
          grunt_ministairs_4, minivault_4, minmay_misc_feat_rugged,
          minmay_cut_off
D:4:      layout_loops_ring, gup_sewer_entry_spiral, serial_shops,
          nicolae_shop_advertising_works [nicolae_subvault_shop_adworks]
D:5:      layout_basic, st_stairs_7, uniq_grinder
D:6:      layout_basic, grunt_temple_overflow_open,
          gammafunk_temple_overflow_claw, nicolae_overflow_crystal_walls,
          minmay_temple_entry_slanted, serial_curves, eino_curves_01,
          eino_curves_01, eino_curves_01, eino_curves_01, serial_shops,
          kennysheep_mini_moat
D:7:      layout_loops_ring
D:8:      layout_cave_pods, nicolae_figureground_pulse
D:9:      nicolae_cairo_tiling_very_big, layout_loops_ring,
          kennysheep_orc_monster_closet_entryway, serial_shops,
          nicolae_diamond_shop
D:10:     layout_basic, general_overflow_altar
D:11:     layout_cave_pools, lair_entry_dummy, chequers_serial_rivers_micro_a
Temple:   nicolae_temple_hex_pool
Orc:1:    minmay_goldmine, layout_diamond_mine, portal_ice_cave_entry_pillars_1,
          uniq_fannar
Orc:2:    st_orc_rangers, layout_caves, gammafunk_ghost_wrathful_warriors,
          basic_altar, nicolae_orc_lost_temple, uniq_jorgrun
Elf:1:    minmay_elf_arrival_summoners, layout_gridlike, serial_shops,
          bzr_entry_road, shop, nicolae_lakefront_shop, shop, orc_legates,
          minivault_19, minmay_shoptagon, lemuel_upstairs_altar

Skill      XL: |  1  2  3  4  5  6  7  8  9 10 11 12 |
---------------+-------------------------------------+-----
Conjurations   | 1 2 3 4 5 6 8 10 11 12 | 12.5
Earth Magic    | 4 5 6 7 8 10 12 13 14 | 14.1
Spellcasting   | 3 4 5 6 7 9 10 | 10.9
Transmutations | 1 |  1.0
Shields        | 2 |  2.0
Fighting       | 2 |  2.0
Armour         | 2 |  2.0
Dodging        | 2 |  2.0
Translocations | 2 |  2.0
Stealth        | 4 |  4.0

Action                   |  1- 3 |  4- 6 |  7- 9 | 10-12 || total
-------------------------+-------+-------+-------+-------++-------
Melee: Short sword       |    30 |    38 |    12 |       ||    80
       Punch             |       |     1 |       |       ||     1
       War axe           |       |       |     2 |       ||     2
       Spear             |       |       |       |    48 ||    48
 Cast: Sandblast         |    47 |    83 |   113 |   165 ||   408
       Stone Arrow       |       |     5 |    32 |   214 ||   251
       Lee's Rapid Decon |       |       |       |     8 ||     8
       Blink             |       |       |       |     1 ||     1
  Use: Scroll            |       |       |       |     1 ||     1
 Stab: Sleeping          |     1 |       |       |       ||     1
Armor: Robe              |    12 |    30 |    33 |    49 ||   124
       Steam dragon scal |       |       |     8 |   127 ||   135
Dodge: Dodged            |    33 |    48 |    43 |   168 ||   292
Block: Kite shield       |       |       |       |    28 ||    28

Table legend: (Time is in decaauts)
 A = Elapsed time spent in this place.
 B = Non-inter-level travel time spent in this place.
 C = Inter-level travel time spent in this place.
 D = Time resting spent in this place.
 E = Time spent auto-exploring this place.
 F = Levels seen in this place.
 G = Mean time per level.
                   A        B        C        D        E       F      G
               +--------+--------+--------+--------+--------+-----+--------+
         Total |  19492 |  18347 |   1145 |   3240 |  10842 |  17 | 1146.6 |
       Dungeon |  15152 |  14042 |   1110 |   1663 |   9681 |  11 | 1377.5 |
        Temple |     96 |     77 |     19 |      0 |     61 |   1 |   96.0 |
  Orcish Mines |    618 |    602 |     16 |      0 |    201 |   2 |  309.0 |
   Elven Halls |      7 |      7 |      0 |      0 |      0 |   1 |    7.0 |
         Sewer |    217 |    217 |      0 |     71 |     73 |   1 |  217.0 |
      Ice Cave |   3399 |   3399 |      0 |   1506 |    826 |   1 | 3399.0 |
               +--------+--------+--------+--------+--------+-----+--------+

Top non-repeatable levels by time:
   IceCv: 3399 daAuts
     D:9: 2691 daAuts
    D:10: 2136 daAuts
     D:3: 1508 daAuts
     D:1: 1486 daAuts
     D:5: 1370 daAuts
     D:7: 1189 daAuts
     D:4: 1100 daAuts
     D:2: 1030 daAuts
     D:6: 1006 daAuts
     D:8: 1004 daAuts
    D:11: 627 daAuts
   Orc:1: 512 daAuts
   Sewer: 217 daAuts
   Orc:2: 106 daAuts
